 Dungeon Crawl Stone Soup version 0.22-a0-565-gfc6459a524 (webtiles) character file.

551313 D1HalberdGnoll the Slayer (level 27, -2/212 HPs)
             Began as a Human Berserker on June 28, 2018.
             Was a High Priest of Trog.
             Slain by a tentacled monstrosity (5 damage)
             ... on level 1 of the Realm of Zot on June 29, 2018.
             The game lasted 02:07:54 (56319 turns).

D1HalberdGnoll the Slayer (Human Berserker)        Turns: 56319, Time: 02:07:54

Health: -2/212     AC: 32    Str: 24    XL:     27
Magic:  0/38       EV: 18    Int: 12    God:    Trog [*****.]
Gold:   3992       SH: 20    Dex: 24    Spells: 26/26 levels left

rFire    + . .     SeeInvis .   a - +2 double sword of Qilourgh {freeze, +Blink rC+ Int+6 Dex+3}
rCold    + + +     Gourm    .   j - +5 shield {reflect}
rNeg     . . .     Faith    .   S - +9 chain mail of Vidiu {rF+ MR+ Int-5 Dex+2}
rPois    +         Spirit   +   (helmet restricted)
rElec    +         Reflect  +   l - scarf {Spirit}
rCorr    .         Harm     .   C - +2 pair of gloves
MR       +++++                  K - +2 pair of boots
Stlth    ..........             Y - amulet "Qeabexo" {rF- MR+ Regen+ Dex+3}
HPRegen  1.85/turn              B - ring "Zudug" {rPois rF+ MP+9}
MPRegen  0.26/turn              N - ring of Ysavinno {+Fly rElec rC++ Int+2}

@: about to teleport, regenerating, constricted, studying Evocations, invisible
A: antennae 1, talons 1, blurry vision 2, clever 1, clumsy 1, deterioration 1,
frail 1, screaming 1, weak 1
}: 4/15 runes: decaying, serpentine, slimy, abyssal
a: Berserk, Trog's Hand, Brothers in Arms, Renounce Religion, Evoke Blink, Evoke
Flight


You were on level 1 of the Realm of Zot.
You worshipped Trog.
Trog was extremely pleased with you.
You were very hungry.

You visited 9 branches of the dungeon, and saw 46 of its levels.
You visited the Abyss 2 times.
You visited 2 bazaars.
You also visited: Sewer.

You collected 7155 gold pieces.
You spent 3163 gold pieces at shops.

Inventory:

Hand Weapons
 a - the +2 double sword of Qilourgh (weapon) {freeze, +Blink rC+ Int+6 Dex+3}
   (Trog gifted it to you on level 3 of the Swamp)

   It has been specially enchanted to freeze those struck by it, causing extra
   injury to most foes and up to half again as much damage against particularly
   susceptible opponents.
   It can also slow down cold-blooded creatures.
   It affects your intelligence (+6).
   It affects your dexterity (+3).
   It protects you from cold.
   It lets you blink.
 b - a +4 hand crossbow of freezing
 d - the +6 scimitar of Kupapa {elec, Str+4 Dex+4 SInv}
   (You found it on level 10 of the Dungeon)

   Occasionally, upon striking a foe, it will discharge some electrical energy
   and cause terrible harm.
   It affects your strength (+4).
   It affects your dexterity (+4).
   It lets you see invisible.
 x - a +3 scimitar of electrocution
 M - a +3 demon blade of flaming
Missiles
 P - 1486 bolts
Armour
 j - a +5 shield of reflection (worn)
 l - a scarf of spirit shield (worn)
 u - a +2 helmet
 C - a +2 pair of gloves (worn)
 K - a +2 pair of boots (worn)
 S - the +9 chain mail of Vidiu (worn) {rF+ MR+ Int-5 Dex+2}
   (You bought it in a shop in a bazaar)

   It affects your intelligence (-5).
   It affects your dexterity (+2).
   It protects you from fire.
   It affects your resistance to hostile enchantments.
Jewellery
 B - the ring "Zudug" (left hand) {rPois rF+ MP+9}
   (You took it off an orc warrior on level 10 of the Dungeon)

   [ring of magical power]

   It protects you from fire.
   It protects you from poison.
   It affects your magic capacity (+9).
 N - the ring of Ysavinno (right hand) {+Fly rElec rC++ Int+2}
   (You took it off a centaur on level 10 of the Dungeon)

   [ring of flight]

   It affects your intelligence (+2).
   It greatly protects you from cold.
   It insulates you from electricity.
   It lets you fly.
 Y - the amulet "Qeabexo" (around neck) {rF- MR+ Regen+ Dex+3}
   (You found it on level 5 of the Pits of Slime)

   [amulet of regeneration]

   It affects your dexterity (+3).
   It makes you vulnerable to fire.
   It affects your resistance to hostile enchantments.
   It increases your rate of regeneration.
Wands
 o - a wand of random effects (57)
 t - a wand of acid (18)
 y - a wand of polymorph (23)
 D - a wand of iceblast (37)
 J - a wand of paralysis (52)
 T - a wand of digging (39)
 U - a wand of scattershot (10)
 V - a wand of disintegration (16)
Scrolls
 e - 5 scrolls of teleportation
 g - a scroll of magic mapping
 i - 9 scrolls of immolation
 n - 20 scrolls of remove curse
 A - 6 scrolls of fog
 F - 8 scrolls of fear
 L - a scroll of enchant armour
 R - a scroll of summoning
 W - 2 scrolls of identify
Potions
 k - 12 potions of flight
 p - 6 potions of resistance
 q - 6 potions of brilliance
 r - 2 potions of curing
 s - 2 potions of might
 w - 3 potions of haste
 z - a potion of cancellation
 E - 3 potions of berserk rage
 H - 6 potions of magic
 O - 2 potions of agility
Books
 Q - a manual of Evocations
Miscellaneous
 I - 2 phantom mirrors
Comestibles
 c - 43 rations


   Skills:
 + Level 23.5 Fighting
 - Level 19.0 Long Blades
 - Level 12.0 Crossbows
 * Level 21.0 Armour
 - Level 15.0 Dodging
 - Level 15.0 Shields
 + Level 8.9 Evocations


You had 26 spell levels left.
You didn't know any spells.
Your spell library was empty.

Dungeon Overview and Level Annotations

Branches:
Dungeon (15/15)            Temple (0/1) D:5            Lair (6/6) D:10
  Swamp (4/4) Lair:4        Snake (4/4) Lair:4        Slime (5/5) Lair:5
    Orc (2/2) D:11            Elf (0/3) Orc:2        Vaults (4/5) D:14
  Crypt (0/3) Vaults:2     Depths (5/5) D:15            Zot (1/5) Depths:5

Altars:
Ashenzari
Cheibriados
Elyvilon
Hepliaklqana
Kikubaaqudgha
Makhleb
Okawaru
Xom
Yredelemnul
Zin
The Shining One
Beogh
Jiyva

Shops:
D:9 (}   D:14 :   Orc:1 =   Orc:2 [*[:(   Snake:3 (   Vaults:2 %   Depths:5 :*=

Portals:
Hell: Depths:1 Depths:2 Depths:3 Depths:4 Depths:5
Abyss: Depths:1 Depths:4
Pandemonium: Depths:2 Depths:3
Ziggurat: Depths:4
Bazaar: Depths:5
Trove: Vaults:3 (show abyssal rune of Zot)

Annotations:
D:9 exclusion: downstairs
Lair:2 exclusion: oklob plant
Lair:4 exclusion: downstairs
Slime:5 Royal Jelly
Vaults:4 Mara
Depths:3 exclusion: downstairs


Innate Abilities, Weirdness & Mutations

You have a pair of small antennae on your head.
You have sharp toenails.
Scrolls take you longer to read.
Your mind is acute. (Int +2)
You are clumsy. (Dex -2)
Your body sometimes deteriorates upon taking damage.
You are frail. (-10% HP)
You occasionally shout uncontrollably at your foes.
You are weak. (Str -2)


Message History

You block the quicksilver dragon's attack.
The quicksilver dragon claws you but does no damage.
Really read with blurry vision while enemies are nearby?
Okay, then.
Okay, then.
You fade into invisibility!
Something hits you!
* * * LOW HITPOINT WARNING * * *
The yellow draconian throws acid at you.
The glob of acid hits the black draconian.
The black draconian is splashed with acid.
The acid corrodes the black draconian!
The black draconian is splashed with acid.
The acid corrodes the black draconian!
You block something's attack. The white draconian misses you.
The red draconian misses you.
You block the quicksilver dragon's attack. x2
The tentacled monstrosity tentacle-slaps you!
* * * LOW HITPOINT WARNING * * *
The tentacled monstrosity tentacle-slaps you but does no damage. x2
You die...

##########
.....d{{.##
.q..ddd@X.##
.#######D..##
##...##
##...##
#.....##
#...#...##
#...###...#
#...# ##...#
....# ....#


You could see a tentacled monstrosity, a black draconian (wandering), a yellow
draconian, a red draconian, a white draconian, a quicksilver dragon and a red
draconian annihilator.

Vanquished Creatures
  the Royal Jelly (Slime:5)
  Dissolution (Slime:2)
  Boris (Depths:3)
  A caustic shrike (Depths:4)
  Saint Roka (Snake:2)
  Jory (Depths:3)
  4 golden dragons
  A bone dragon (Abyss:4)
  A tentacled monstrosity (Depths:2)
  6 liches
  2 titans (Depths:2)
  14 acid blobs
  2 quicksilver dragons (Depths:5)
  A death cob (Zot:1)
  Frances (Swamp:1)
  4 thorn hunters
  5 tentacled starspawn
  2 storm dragons
  A shadow dragon (Vaults:3)
  4 tengu reavers
  4 sphinxes
  Kirke (Swamp:2)
  Donald (Orc:2)
  A draconian monk (Depths:5)
  4 azure jellies
  8 nagarajas
  2 iron dragons (Depths:4)
  13 frost giants
  9 fire giants
  2 orc warlords
  A draconian shifter (Depths:4)
  A caustic shrike zombie (Depths:3)
  14 vault wardens
  4 draconian knights
  Louise (Snake:2)
  A draconian scorcher (Depths:4)
  Aizul (Snake:2)
  2 draconian stormcallers (Zot:1)
  10 ironheart preservers
  A caustic shrike skeleton (Depths:3)
  17 stone giants
  13 very ugly things
  A war gargoyle (Vaults:3)
  6 vampire knights
  2 deep elf demonologists
  3 entropy weavers
  2 green draconians (Depths:5)
  4 spark wasps (Depths:4)
  A deep elf annihilator (Vaults:3)
  2 grey draconians (Depths:5)
  2 purple draconians (Depths:5)
  2 white draconians (Depths:5)
  Josephine (Lair:4)
  8 ettins
  6 death oozes
  A merfolk impaler (Depths:5)
  A green death (Abyss:4)
  9 fire dragons
  15 ogre magi
  2 blizzard demons (Abyss:4)
  Fannar (Lair:1)
  A deep elf high priest (Depths:2)
  11 yaktaur captains
  5 jiangshi
  15 vault guards
  14 great orbs of eyes
  8 ice dragons
  2 spriggan air magi
  Harold (Orc:1)
  22 hydras
  2 ghost crabs (Swamp:3)
  18 naga warriors
  8 rakshasas
  4 anacondas
  2 centaur warriors
  3 catoblepae (Lair:6)
  A death knight (Abyss:4)
  Erica (Lair:1)
  10 alligators
  51 two-headed ogres
  3 deep troll shamans
  16 death yaks
  10 tengu warriors
  8 deep troll earth magi
  4 spriggan berserkers (Depths:4)
  3 vampire magi
  3 orc high priests (Orc:2)
  Nergalle (Lair:2)
  7 hell hogs (Abyss:4)
  11 naga sharpshooters
  9 thrashing horrors
  Sonja (D:12)
  A shock serpent (Snake:3)
  2 shadow wraiths
  6 wretched stars
  2 skeletal warriors
  A sixfirhy (Abyss:4)
  A golden dragon zombie (Depths:3)
  9 hell knights (Depths:5)
  12 unseen horrors
  3 iron trolls
  A death drake (Depths:4)
  An anaconda zombie (Abyss:1)
  17 large abominations
  A deep troll (shapeshifter) (Abyss:4)
  5 flayed ghosts
  A gelid demonspawn (Depths:2)
  6 glowing orange brains
  2 spatial maelstroms (Abyss:4)
  A quicksilver dragon simulacrum (Abyss:4)
  2 spriggan druids
  A salamander mystic (Snake:3)
  22 deep trolls
  A death drake (shapeshifter) (Depths:2)
  16 swamp dragons
  14 ironbrand convokers
  A shadow dragon zombie (Vaults:1)
  A tengu zombie (Depths:3)
  A sphinx zombie (Depths:3)
  2 deep elf archers
  5 naga ritualists
  A golden dragon skeleton (Abyss:1)
  6 wolf spiders
  A shambling mangrove (Swamp:4)
  11 orc knights
  7 mana vipers
  A phantasmal warrior (Vaults:4)
  2 frost giant zombies (Depths:3)
  Pikel (D:7)
  6 necromancers
  5 shining eyes
  45 ugly things
  3 deep elf magi (Vaults:3)
  A tengu skeleton (Vaults:2)
  5 orc sorcerers
  A salamander (shapeshifter) (Vaults:4)
  5 worldbinders (Abyss:4)
  2 fire giant zombies (Depths:3)
  3 manticores
  8 salamanders
  9 elephants
  3 cyclopes
  4 eyes of devastation
  A dire elephant zombie (Abyss:4)
  A black mamba (shapeshifter) (Vaults:4)
  A stone giant skeleton (Vaults:1)
  7 guardian serpents
  2 fire giant skeletons (Depths:3)
  2 frost giant skeletons
  2 orange demons (Depths:2)
  27 black mambas
  An apocalypse crab (Abyss:4)
  A rust devil (Abyss:4)
  38 naga magi
  3 smoke demons (Abyss:4)
  17 spiny frogs
  4 spectral swamp worms (Depths:1)
  11 vault sentinels
  2 elf skeletons (Depths:3)
  2 torpor snails
  A torpor snail (shapeshifter) (Depths:4)
  5 freezing wraiths
  2 spriggan skeletons (Depths:3)
  A kobold demonologist (Abyss:4)
  An efreet (D:14)
  3 rime drakes
  4 komodo dragons
  3 tormentors
  8 ancient zymes
  2 human zombies
  24 yaktaurs
  56 starcursed masses
  2 hellwings
  3 tengu conjurers
  A yaktaur skeleton (Vaults:2)
  6 trolls
  A troll (shapeshifter) (Vaults:2)
  2 hornets (shapeshifter)
  3 meliai (D:15)
  Grinder (D:4)
  14 hornets
  27 raiju
  A dream sheep (shapeshifter) (Vaults:3)
  105 slime creatures
  A fire dragon zombie (Abyss:4)
  9 dream sheep (Lair:6)
  13 tyrant leeches
  15 blink frogs
  9 bog bodies
  4 flying skulls (Depths:3)
  10 hippogriffs
  7 spriggans
  2 human simulacra (Vaults:2)
  3 ynoxinuls (Abyss:4)
  A centaur simulacrum (D:13)
  A vampire (Abyss:1)
  12 water elementals
  A tarantella (D:14)
  4 redbacks (Vaults:4)
  5 hogs (Swamp:2)
  11 wraiths
  2 shadows
  17 small abominations
  5 wyverns
  A black mamba skeleton (Abyss:1)
  43 yaks
  13 vampire mosquitoes
  3 basilisks
  3 chaos spawn (Abyss:4)
  3 fire elementals (D:14)
  7 golden eyes
  5 neqoxecs
  10 wargs
  Menkaure (D:4)
  A deep troll zombie (Vaults:1)
  13 swamp worms
  65 nagas
  A spatial vortex (Abyss:4)
  13 insubstantial wisps
  4 acid dragons
  A hell hound (D:14)
  11 porcupines
  13 water moccasins
  2 slaves (D:7)
  22 swamp drakes
  40 orc warriors
  5 sky beasts
  4 ice beasts
  Purgy (Sewer)
  6 eyes of draining
  2 black bears
  5 phantoms
  A necrophage (D:10)
  7 wolves
  8 centaurs
  40 ogres
  11 crocodiles
  22 bullfrogs
  A bullfrog (shapeshifter) (Vaults:3)
  2 earth elementals (Abyss:4)
  A wyvern zombie (D:11)
  3 scorpions
  10 killer bees
  2 orc simulacra (Vaults:1)
  6 wights
  4 electric eels
  A howler monkey (D:7)
  9 crimson imps
  4 quasits
  4 centaur skeletons
  7 hounds
  5 centaur zombies
  A jelly (D:6)
  3 bullfrog skeletons
  14 orc priests
  Crazy Yiuf (D:7)
  2 iguanas
  27 orc wizards
  12 worker ants
  A killer bee zombie (D:6)
  A hound skeleton (D:4)
  A worker ant zombie (D:10)
  A howler monkey zombie (D:10)
  8 adders
  A river rat (D:3)
  3 shadow imps
  A white imp (Abyss:4)
  2 ufetubi (D:13)
  2 oozes
  3 worms
  2 dart slugs
  5 leopard geckos
  111 orcs
  6 giant cockroaches
  14 goblins
  4 hobgoblins
  9 jackals
  7 kobolds
  4 quokkas
  A bat (D:3)
  6 frilled lizards
  A jackal zombie (D:7)
  A leopard gecko skeleton (D:4)
  11 rats
  A lurking horror (Abyss:4)
  2 starspawn tentacles (Abyss:4)
2002 creatures vanquished.

Vanquished Creatures (collateral kills)
  Boris (Depths:5)
  Azrael (D:14)
  A starcursed mass (Abyss:4)
  A naga warrior (Snake:2)
  2 vault guards (Vaults:3)
  An orc high priest (Orc:2)
  A thrashing horror (Abyss:4)
  A skeletal warrior (Abyss:4)
  A glowing orange brain (Abyss:4)
  A slime creature (Slime:2)
  A large abomination (Abyss:4)
  A water elemental (Depths:5)
  A fire elemental (D:14)
  A chaos spawn (Abyss:4)
  A warg (Snake:2)
  A naga (Snake:2)
  2 orc warriors (Snake:2)
  2 orcs (Snake:2)
21 creatures vanquished.

Vanquished Creatures (others)
  A stone giant (Vaults:3)
  An ettin (Depths:4)
  2 ogre magi
  2 yaktaur captains
  A centaur warrior (Depths:4)
  10 naga sharpshooters
  A deep elf archer (Vaults:1)
  An ironbrand convoker (Vaults:3)
  An ugly thing (Depths:4)
  A naga mage (Snake:4)
  2 spiny frogs
  A tengu conjurer (Depths:4)
  14 yaktaurs
  A human (Swamp:2)
  2 nagas
  A swamp drake (Swamp:4)
  An ogre (Depths:1)
  2 centaurs (Depths:4)
  2 small abominations (Abyss:4)
  An orc wizard (D:11)
  An ufetubus (Abyss:4)
  30 bushes (Depths:5)
  24 fungi
  3 lurking horrors (Abyss:4)
  30 plants
  18 starspawn tentacles
154 creatures vanquished.

Grand Total: 2177 creatures vanquished

Notes
Turn   | Place    | Note
-------+----------+-------------------------------------------
     0 | D:1      | D1HalberdGnoll the Human Berserker began the quest for the Orb.
     0 | D:1      | Reached XP level 1. HP: 18/18 MP: 1/1
   569 | D:1      | Reached XP level 2. HP: 24/24 MP: 2/2
   644 | D:1      | Found a shimmering altar of Xom.
  1211 | D:2      | Reached XP level 3. HP: 24/29 MP: 3/3
  1568 | D:2      | Reached ** piety under Trog
  2007 | D:3      | Reached XP level 4. HP: 35/35 MP: 4/4
  2323 | D:3      | Found a glowing drain.
  2327 | Sewer    | Entered a sewer
  2497 | Sewer    | Noticed Purgy
  2507 | Sewer    | Killed Purgy
  2507 | Sewer    | Reached XP level 5. HP: 42/42 MP: 5/5
  2596 | Sewer    | Gained mutation: You are weak. (Str -2) [potion of mutation]
  2596 | Sewer    | Gained mutation: You are frail. (-10% HP) [potion of mutation]
  2596 | Sewer    | Gained mutation: Your body sometimes deteriorates upon taking damage. [potion of mutation]
  2596 | Sewer    | Gained mutation: You have sharp toenails. [potion of mutation]
  2717 | D:3      | Found a shattered altar of Ashenzari.
  2721 | D:3      | Reached XP level 6. HP: 38/43 MP: 6/6
  3129 | D:4      | Reached skill level 4 in Fighting
  3290 | D:4      | Noticed Grinder
  3292 | D:4      | Paralysed by Grinder for 7 turns
  3294 | D:4      | Noticed Menkaure
  3307 | D:4      | Killed Menkaure
  3307 | D:4      | Reached skill level 5 in Long Blades
  3307 | D:4      | Reached XP level 7. HP: 22/48 MP: 7/7
  3308 | D:4      | Killed Grinder
  3751 | D:4      | Reached XP level 8. HP: 54/54 MP: 8/8
  4072 | D:5      | Entered Level 5 of the Dungeon
  4136 | D:5      | Reached *** piety under Trog
  4240 | D:5      | Reached skill level 5 in Fighting
  4516 | D:5      | Found a shimmering altar of Xom.
  4517 | D:5      | Found a hazy altar of Hepliaklqana.
  4517 | D:5      | Noticed a Killer Klown
  4518 | D:5      | Noticed a Killer Klown
  4518 | D:5      | Noticed a spectral ugly thing
  4882 | D:5      | Found a staircase to the Ecumenical Temple.
  5022 | D:6      | Reached skill level 5 in Armour
  5025 | D:6      | Reached XP level 9. HP: 59/61 MP: 9/9
  5074 | D:6      | Reached skill level 5 in Dodging
  5189 | D:6      | Reached **** piety under Trog
  5382 | D:6      | Reached skill level 6 in Fighting
  6089 | D:7      | Got a glittering copper amulet
  6090 | D:7      | Identified the amulet "Paira" {+Blink +Rage Int+2 Dex+2} (You found it on level 7 of the Dungeon)
  6226 | D:7      | Found a shattered altar of Ashenzari.
  6503 | D:7      | Found a runed door.
  6555 | D:7      | Noticed Crazy Yiuf
  6557 | D:7      | Killed Crazy Yiuf
  6604 | D:7      | Noticed Pikel
  6616 | D:7      | HP: 4/94 [Pikel/whip of flaming (1)]
  6618 | D:7      | Killed Pikel
  6618 | D:7      | Reached XP level 10. HP: 5/69 MP: 10/10
  6908 | D:8      | Found an iron altar of Okawaru.
  6908 | D:8      | Found a faded altar of an unknown god.
  6913 | D:8      | Found a faded altar of an unknown god.
  6915 | D:8      | Found a burning altar of Makhleb.
  6917 | D:8      | Found an ancient bone altar of Kikubaaqudgha.
  7542 | D:8      | Found a white marble altar of Elyvilon.
  7601 | D:8      | Found a basalt altar of Yredelemnul.
  7867 | D:9      | Found Woep's Antique Weapon Shoppe.
  8110 | D:9      | Reached skill level 7 in Fighting
  8248 | D:9      | Paralysed by a hornet for 3 turns
  8315 | D:9      | Noticed a two-headed ogre
  8321 | D:9      | Killed a two-headed ogre
  8321 | D:9      | Reached skill level 10 in Long Blades
  8570 | D:9      | Found Igivant Sywa's Gadget Shop.
  8696 | D:10     | Entered Level 10 of the Dungeon
  8807 | D:10     | Reached XP level 11. HP: 76/76 MP: 7/11
  8817 | D:10     | Got a smoking scimitar
  8818 | D:10     | Identified the +6 scimitar of Kupapa {elec, Str+4 Dex+4 SInv} (You found it on level 10 of the Dungeon)
  8838 | D:10     | You fall through a shaft for 3 floors!
  8874 | D:10     | Noticed a two-headed ogre
  8874 | D:10     | Noticed a six-headed hydra
  8882 | D:10     | Killed a two-headed ogre
  8884 | D:10     | Reached skill level 8 in Fighting
  8885 | D:10     | Reached ***** piety under Trog
  8888 | D:10     | Killed a nine-headed hydra
  8889 | D:10     | Noticed a skeletal warrior
  9061 | D:10     | Killed a skeletal warrior
  9063 | D:10     | Got a translucent tin ring
  9073 | D:10     | Got a transparent steel ring
  9133 | D:10     | Noticed an ogre mage
  9137 | D:10     | Found a staircase to the Lair.
  9145 | D:10     | Killed an ogre mage
  9204 | D:10     | Got a crude pewter ring
  9206 | D:10     | Got a sparkling turquoise ring
  9393 | D:10     | Got a faintly glowing falchion
  9394 | D:10     | Identified the cursed +1 falchion "Xusifam" {drain, Int+2} (You found it on level 10 of the Dungeon)
  9397 | D:10     | Identified the ring of Ysavinno {+Fly rElec rC++ Int+2} (You took it off a centaur on level 10 of the Dungeon)
  9399 | D:10     | Identified the cursed ring "Petzofo" {+Blink EV-2} (You took it off an ogre mage on level 10 of the Dungeon)
  9401 | D:10     | Identified the ring of Summer {Ice rN+ Int+3 Dex+6} (You took it off a skeletal warrior on level 10 of the Dungeon)
  9403 | D:10     | Identified the ring "Zudug" {rPois rF+ MP+9} (You took it off an orc warrior on level 10 of the Dungeon)
  9582 | D:10     | Noticed an unseen horror
  9585 | D:10     | Reached XP level 12. HP: 82/84 MP: 12/12
  9591 | D:10     | Killed an unseen horror
  9708 | Lair:1   | Entered Level 1 of the Lair of Beasts
  9726 | Lair:1   | Reached skill level 9 in Fighting
  9834 | Lair:1   | Lost mutation: You have sharp toenails. [potion of mutation]
  9834 | Lair:1   | Lost mutation: Your body sometimes deteriorates upon taking damage. [potion of mutation]
  9834 | Lair:1   | Lost mutation: You are frail. (-10% HP) [potion of mutation]
  9834 | Lair:1   | Lost mutation: You are weak. (Str -2) [potion of mutation]
  9834 | Lair:1   | Gained mutation: You are robust. (+10% HP) [potion of mutation]
  9834 | Lair:1   | Gained mutation: Your body sometimes deteriorates upon taking damage. [potion of mutation]
  9834 | Lair:1   | Gained mutation: Your mind is acute. (Int +2) [potion of mutation]
 10058 | Lair:1   | Noticed Fannar
 10070 | Lair:1   | Killed Fannar
 10181 | Lair:1   | Noticed Erica
 10188 | Lair:1   | Killed Erica
 10698 | Lair:2   | Received a gift from Trog
 10901 | Lair:2   | Noticed Nergalle
 10924 | Lair:2   | Killed Nergalle
 11328 | Lair:2   | Reached XP level 13. HP: 113/113 MP: 13/13
 11783 | Lair:3   | Noticed a five-headed hydra
 11795 | Lair:3   | Reached skill level 10 in Fighting
 11803 | Lair:3   | Killed a four-headed hydra
 11902 | Lair:3   | Got a dull robe
 12395 | Lair:4   | Reached skill level 10 in Armour
 12399 | Lair:4   | Reached skill level 10 in Dodging
 12473 | Lair:4   | Found a staircase to the Snake Pit.
 12522 | Lair:4   | Noticed a seven-headed hydra
 12531 | Lair:4   | Killed a two-headed hydra
 12911 | Lair:4   | Received a gift from Trog
 12912 | Lair:4   | Got a polished arbalest {god gift}
 12913 | Lair:4   | Identified the +7 arbalest "Gashuesh" {penet, rF+ MR+ Str+6 Stlth-} (Trog gifted it to you on level 4 of the Lair of Beasts)
 12915 | Lair:4   | Identified the cursed +1 robe of Huugael {MR- rCorr Int-5 SInv} (You found it on level 3 of the Lair of Beasts)
 13087 | Lair:4   | Found a staircase to the Swamp.
 13381 | Lair:5   | Noticed a five-headed hydra
 13395 | Lair:5   | Killed a two-headed hydra
 13395 | Lair:5   | Reached skill level 1 in Crossbows
 13536 | Lair:5   | Found a staircase to the Slime Pits.
 13573 | Lair:5   | Noticed a four-headed hydra
 13873 | Lair:5   | Noticed a seven-headed hydra
 13885 | Lair:5   | Killed a one-headed hydra
 14093 | Lair:5   | Reached XP level 14. HP: 122/122 MP: 14/14
 14684 | Lair:6   | Entered Level 6 of the Lair of Beasts
 14729 | Lair:6   | Reached skill level 11 in Fighting
 15090 | Lair:6   | Reached skill level 15 in Long Blades
 15861 | Lair:6   | Reached XP level 15. HP: 130/130 MP: 15/15
 15933 | Lair:6   | Reached skill level 5 in Crossbows
 15978 | Lair:6   | Got an ancient shield
 15982 | Lair:6   | Identified the +0 shield "Pam Koce" {rF+ Int+5} (You found it on level 6 of the Lair of Beasts)
 16648 | D:11     | Found a staircase to the Orcish Mines.
 17242 | D:12     | Noticed Sonja
 17252 | D:12     | Killed Sonja
 17396 | D:12     | Received a gift from Trog
 18613 | D:14     | Found a glowing golden altar of the Shining One.
 18678 | D:14     | Found Ibofria's Book Emporium.
 19131 | D:14     | Found a gate to the Vaults.
 19145 | D:14     | Reached ****** piety under Trog
 19199 | D:14     | Noticed Azrael
 19213 | D:14     | Received a gift from Trog
 19220 | D:14     | Killed Azrael
 19346 | D:15     | Entered Level 15 of the Dungeon
 19364 | D:15     | Reached skill level 12 in Fighting
 19843 | D:15     | Found a staircase to the Depths.
 20076 | D:15     | Reached XP level 16. HP: 128/139 MP: 16/16
 20239 | Orc:1    | Entered Level 1 of the Orcish Mines
 20239 | Orc:1    | Found Cacaalo's Jewellery Shoppe.
 20244 | Orc:1    | Noticed Harold
 20259 | Orc:1    | Killed Harold
 20285 | Orc:1    | Identified a scroll of acquirement
 20549 | Orc:1    | Received a gift from Trog
 20996 | Orc:2    | Entered Level 2 of the Orcish Mines
 21124 | Orc:2    | Found a staircase to the Elven Halls.
 21204 | Orc:2    | Found Doucrud's Antique Armour Shoppe.
 21223 | Orc:2    | Bought a slimy chain mail for 294 gold pieces
 21233 | Orc:2    | Identified the cursed +1 chain mail "Paklihor" {rF+ rN+ MR+ Dex+3} (You bought it in a shop on level 2 of the Orcish Mines)
 21284 | Orc:2    | Noticed Donald
 21429 | Orc:2    | Killed Donald
 21504 | Orc:2    | Found Wigentugh's Book Shop.
 21535 | Orc:2    | Reached skill level 1 in Shields
 21570 | Orc:2    | Bought a manual of Shields for 1656 gold pieces
 21638 | Orc:2    | Found a roughly hewn altar of Beogh.
 21753 | Orc:2    | Received a gift from Trog
 21770 | Orc:2    | Found Moedwiomn's Antique Armour Shop.
 21839 | Orc:2    | Found Syah's Antique Weapon Emporium.
 21847 | Orc:2    | Bought a hand crossbow for 98 gold pieces
 22036 | Orc:2    | Found Vuegruo's General Store.
 22060 | Orc:2    | Bought a potion of resistance for 110 gold pieces
 22060 | Orc:2    | Bought a scroll of enchant weapon for 82 gold pieces
 22060 | Orc:2    | Bought a scroll of teleportation for 33 gold pieces
 22273 | Snake:1  | Entered Level 1 of the Snake Pit
 22359 | Snake:1  | Reached skill level 5 in Shields
 23332 | Snake:2  | Noticed Saint Roka
 23334 | Snake:2  | Noticed Aizul
 23347 | Snake:2  | Killed Aizul
 23557 | Snake:2  | Killed Saint Roka
 23557 | Snake:2  | Reached skill level 13 in Fighting
 23658 | Snake:2  | Noticed Louise
 23680 | Snake:2  | Killed Louise
 23703 | Snake:2  | Reached XP level 17. HP: 100/149 MP: 17/17
 23711 | Snake:2  | Received a gift from Trog
 24001 | Snake:2  | Found a gateway to a bazaar.
 24008 | Bazaar   | Entered a bazaar
 24008 | Bazaar   | Found Vuck's Antique Weapon Shoppe.
 24008 | Bazaar   | Found Viep's Assorted Antiques.
 24008 | Bazaar   | Found Nugaedif's Gadget Shop.
 24010 | Bazaar   | Found Odeaniu's Antique Weapon Shop.
 24010 | Bazaar   | Found Hagre's Food Emporium.
 24138 | Bazaar   | Bought a runed hand crossbow for 208 gold pieces
 24147 | Bazaar   | Bought a ration for 50 gold pieces
 24147 | Bazaar   | Bought a ration for 50 gold pieces
 24147 | Bazaar   | Bought a ration for 50 gold pieces
 24390 | Snake:2  | Reached skill level 10 in Shields
 25045 | Snake:3  | Found Nompe's Antique Weapon Shop.
 25759 | Snake:3  | Received a gift from Trog
 26594 | Snake:4  | Entered Level 4 of the Snake Pit
 26860 | Snake:4  | Reached skill level 14 in Fighting
 26861 | Snake:4  | Reached XP level 18. HP: 158/160 MP: 18/18
 26967 | Snake:4  | Found a snail-covered altar of Cheibriados.
 27510 | Snake:4  | Received a gift from Trog
 28137 | Snake:4  | Got a serpentine rune of Zot
 28322 | Swamp:1  | Entered Level 1 of the Swamp
 28323 | Swamp:1  | Noticed Josephine
 28445 | Swamp:1  | Noticed Frances
 28451 | Lair:4   | Killed Josephine
 28546 | Swamp:1  | Killed Frances
 29126 | Swamp:1  | Received a gift from Trog
 29617 | Swamp:2  | Noticed Kirke
 29640 | Swamp:2  | Killed Kirke
 29640 | Swamp:2  | Reached XP level 19. HP: 164/169 MP: 19/19
 30400 | Swamp:3  | Reached skill level 15 in Shields
 30540 | Swamp:3  | Reached skill level 15 in Fighting
 30672 | Swamp:3  | Received a gift from Trog
 30673 | Swamp:3  | Got a steaming double sword {god gift}
 30674 | Swamp:3  | Identified the +2 double sword of Qilourgh {freeze, +Blink rC+ Int+6 Dex+3} (Trog gifted it to you on level 3 of the Swamp)
 31119 | Swamp:4  | Entered Level 4 of the Swamp
 31752 | Swamp:4  | Got a decaying rune of Zot
 32137 | Swamp:4  | Found a glowing silver altar of Zin.
 32412 | Swamp:4  | Received a gift from Trog
 32853 | Vaults:1 | Entered Level 1 of the Vaults
 33725 | Vaults:1 | Reached XP level 20. HP: 176/179 MP: 20/20
 33892 | Vaults:1 | Received a gift from Trog
 34725 | Vaults:1 | Received a gift from Trog
 34891 | Vaults:1 | Got a faintly glowing leather armour
 35194 | Vaults:2 | Found a staircase to the Crypt.
 35194 | Vaults:2 | Found an ancient bone altar of Kikubaaqudgha.
 35195 | Vaults:2 | Found a basalt altar of Yredelemnul.
 35525 | Vaults:2 | Found Ikat's Food Shoppe.
 35546 | Vaults:2 | Reached skill level 10 in Crossbows
 35685 | Vaults:2 | Reached skill level 16 in Fighting
 36079 | Vaults:2 | Reached skill level 15 in Dodging
 36199 | Vaults:2 | Received a gift from Trog
 36399 | Vaults:3 | Reached XP level 21. HP: 188/188 MP: 21/21
 36765 | Vaults:3 | Received a gift from Trog
 37421 | Vaults:3 | Reached skill level 17 in Fighting
 38108 | Vaults:3 | Paralysed by an ogre mage for 6 turns
 38243 | Vaults:3 | Reached skill level 18 in Fighting
 38318 | Vaults:3 | Received a gift from Trog
 39018 | Vaults:3 | Reached XP level 22. HP: 178/203 MP: 22/22
 39193 | Vaults:3 | Got a tattered robe
 39509 | Vaults:3 | Found a portal to a secret trove of treasure.
 39938 | Vaults:4 | Noticed Mara
 39939 | Vaults:4 | Noticed D1HalberdGnoll's illusion
 40570 | Vaults:4 | Reached skill level 19 in Fighting
 40945 | Vaults:4 | Received a gift from Trog
 41384 | Vaults:4 | Noticed D1HalberdGnoll's illusion
 41406 | Vaults:4 | Noticed D1HalberdGnoll's illusion
 41666 | Depths:1 | Entered Level 1 of the Depths
 41784 | Depths:1 | Found a gateway to Hell.
 42031 | Depths:1 | Reached skill level 20 in Fighting
 42101 | Depths:1 | Found a one-way gate to the infinite horrors of the Abyss.
 42367 | Depths:1 | Received a gift from Trog
 42606 | Depths:1 | You fall through a shaft!
 42671 | Depths:2 | Found a one-way gate leading to the halls of Pandemonium.
 43370 | Depths:2 | Received a gift from Trog
 43462 | Depths:2 | Reached XP level 23. HP: 214/218 MP: 23/23
 44084 | Depths:2 | Reached skill level 21 in Fighting
 44523 | Depths:2 | Received a gift from Trog
 45200 | Depths:3 | Received a gift from Trog
 45341 | Depths:3 | Noticed Jory
 45359 | Depths:3 | Killed Jory
 45369 | Depths:3 | Reached skill level 15 in Armour
 45558 | Depths:3 | Found a flickering gateway to a bazaar.
 45570 | Bazaar   | Entered a bazaar
 45570 | Bazaar   | Found Voshrov's General Store.
 45577 | Bazaar   | Bought a potion of heal wounds for 50 gold pieces
 45582 | Bazaar   | Found Orreroin's Antique Weapon Shop.
 45609 | Bazaar   | Found Vuddaiq's Antique Armour Shop.
 45617 | Bazaar   | Bought a twisted chain mail for 142 gold pieces
 45618 | Bazaar   | Identified the +9 chain mail of Vidiu {rF+ MR+ Int-5 Dex+2} (You bought it in a shop in a bazaar)
 45755 | Depths:3 | Reached XP level 24. HP: 224/228 MP: 23/23
 45802 | Depths:3 | Noticed Boris
 46627 | Depths:3 | Killed Boris
 46819 | Depths:4 | Noticed a caustic shrike
 46831 | Depths:4 | Killed a caustic shrike
 46835 | Depths:4 | Received a gift from Trog
 47286 | Depths:4 | Reached skill level 22 in Fighting
 47351 | Depths:4 | Received a gift from Trog
 47628 | Depths:4 | Found a gateway to a ziggurat.
 47941 | Depths:4 | Received a gift from Trog
 48000 | Depths:4 | Noticed a golden dragon
 48016 | Depths:4 | Killed a golden dragon
 48210 | Depths:4 | Got spiked acid dragon scales
 48274 | Depths:4 | Got a pitted bronze ring
 48276 | Depths:4 | Identified the ring of Lugonu's Whim {rElec rN+ Int+3} (You found it on level 4 of the Depths)
 48286 | Depths:4 | Got a scorched chain mail
 48287 | Depths:4 | Identified the +1 chain mail of Thoughtfulness {rF+ Regen+ Int+3} (You found it on level 4 of the Depths)
 48292 | Depths:4 | Got a steaming great mace
 48293 | Depths:4 | Identified the +8 great mace "Hacw" {elec, rC- MR+ Str+3} (You found it on level 4 of the Depths)
 48296 | Depths:4 | Identified the Incunabulum of Curses and the Frostbite
 48441 | Depths:5 | Entered Level 5 of the Depths
 48574 | Depths:5 | Noticed a golden dragon
 48585 | Depths:5 | Killed a golden dragon
 48618 | Depths:5 | Found Zeichina's Book Emporium.
 48621 | Depths:5 | Found Xata's Assorted Antiques.
 48623 | Depths:5 | Found Roguv's Jewellery Emporium.
 48714 | Depths:5 | Reached XP level 25. HP: 236/236 MP: 23/23
 48884 | Depths:5 | Noticed Boris
 48899 | Depths:5 | Killed Boris
 48916 | Depths:5 | Received a gift from Trog
 49176 | Depths:5 | Found a gateway to a bazaar.
 49429 | Depths:5 | Received a gift from Trog
 49793 | Depths:5 | Found a gate to the Realm of Zot.
 50080 | Depths:5 | Bought an uncursed ring of resist corrosion for 340 gold pieces
 50401 | Slime:1  | Entered Level 1 of the Pits of Slime
 50615 | Slime:3  | Noticed Dissolution
 50714 | Slime:2  | Gained mutation: You are clumsy. (Dex -2) [a shining eye]
 50761 | Slime:1  | Lost mutation: You are robust. (+10% HP) [a shining eye]
 50764 | Slime:1  | Gained mutation: You are frail. (-10% HP) [a shining eye]
 50767 | Slime:1  | Lost mutation: You are clumsy. (Dex -2) [potion of mutation]
 50767 | Slime:1  | Lost mutation: Your body sometimes deteriorates upon taking damage. [potion of mutation]
 50767 | Slime:1  | Lost mutation: You are frail. (-10% HP) [potion of mutation]
 50767 | Slime:1  | Gained mutation: Your magical capacity is low. (-10% MP) [potion of mutation]
 50767 | Slime:1  | Gained mutation: You have sharp toenails. [potion of mutation]
 50767 | Slime:1  | Gained mutation: You evolve. [potion of mutation]
 50767 | Slime:1  | Gained mutation: You have a pair of small antennae on your head. [potion of mutation]
 50905 | Slime:2  | Paralysed by a floating eye for 3 turns
 50908 | Slime:2  | Gained mutation: Scrolls take you a little longer to read. [a shining eye]
 50910 | Slime:2  | Gained mutation: You are frail. (-10% HP) [a shining eye]
 50913 | Slime:2  | Killed Dissolution
 51161 | D:4      | Lost mutation: You are frail. (-10% HP) [potion of mutation]
 51161 | D:4      | Lost mutation: You evolve. [potion of mutation]
 51161 | D:4      | Lost mutation: Your magical capacity is low. (-10% MP) [potion of mutation]
 51161 | D:4      | Gained mutation: Your body sometimes deteriorates upon taking damage. [potion of mutation]
 51161 | D:4      | Gained mutation: Your natural rate of healing is unusually fast. [potion of mutation]
 51568 | Slime:5  | Entered Level 5 of the Pits of Slime
 51627 | Slime:5  | Received a gift from Trog
 51879 | Slime:5  | Received a gift from Trog
 52067 | Slime:5  | Reached skill level 23 in Fighting
 52103 | Slime:5  | Found a viscous altar of Jiyva.
 52133 | Slime:5  | Noticed the Royal Jelly
 52154 | Slime:5  | Killed the Royal Jelly
 52154 | Slime:5  | Reached XP level 26. HP: 226/226 MP: 23/23
 52218 | Slime:5  | Identified Risuwet's Almanac of Poisoning
 52230 | Slime:5  | Found the +8 frozen axe "Frostbite" {freezing cloud, *Noise +Fly rC+}
 52246 | Slime:5  | Got a slimy rune of Zot
 52271 | Slime:5  | Gained mutation: You are frail. (-10% HP) [a shining eye]
 52272 | Slime:5  | Gained mutation: You are weak. (Str -2) [a shining eye]
 52279 | Slime:5  | Got a brightly glowing graven amulet
 52387 | Slime:5  | Identified the amulet "Qeabexo" {rF- MR+ Regen+ Dex+3} (You found it on level 5 of the Pits of Slime)
 52414 | Slime:5  | Got a fine ring mail
 52570 | Slime:5  | Identified the +1 ring mail of Birdsong {Str+2 Int+3} (You found it on level 5 of the Pits of Slime)
 52959 | Depths:1 | Voluntarily entered the Abyss.
 53070 | Abyss:1  | Reached skill level 1 in Evocations
 53096 | Abyss:1  | Paralysed by accursed screaming for 1 turns
 53100 | Abyss:1  | Paralysed by accursed screaming for 1 turns
 53106 | Abyss:1  | Paralysed by accursed screaming for 2 turns
 53234 | Abyss:1  | Received a gift from Trog
 53281 | Abyss:1  | Paralysed by accursed screaming for 1 turns
 53287 | Abyss:1  | Paralysed by accursed screaming for 2 turns
 53298 | Abyss:1  | Paralysed by accursed screaming for 1 turns
 53362 | Abyss:1  | Received a gift from Trog
 53475 | Abyss:1  | Lost mutation: Your natural rate of healing is unusually fast. [a neqoxec]
 53478 | Abyss:1  | Gained mutation: You are clumsy. (Dex -2) [a neqoxec]
 53540 | Depths:1 | Escaped the Abyss
 53719 | Zot:1    | Entered Level 1 of the Realm of Zot
 53788 | Zot:1    | Cast into level 4 of the Abyss (the power of Zot)
 53830 | Abyss:4  | Received a gift from Trog
 54010 | Abyss:4  | Paralysed by accursed screaming for 1 turns
 54156 | Abyss:4  | Found a corrupted altar of Lugonu.
 54193 | Abyss:4  | Paralysed by accursed screaming for 1 turns
 54196 | Abyss:4  | Paralysed by accursed screaming for 1 turns
 54206 | Abyss:4  | Paralysed by accursed screaming for 1 turns
 54370 | Abyss:4  | Reached skill level 5 in Evocations
 54395 | Abyss:4  | Paralysed by accursed screaming for 1 turns
 54421 | Abyss:4  | Found a corrupted altar of Lugonu.
 54536 | Abyss:4  | Paralysed by accursed screaming for 1 turns
 54541 | Abyss:4  | Paralysed by accursed screaming for 1 turns
 54545 | Abyss:4  | Paralysed by accursed screaming for 1 turns
 54632 | Abyss:4  | Gained mutation: Scrolls take you longer to read. [a neqoxec]
 54674 | Abyss:4  | Received a gift from Trog
 54787 | Abyss:4  | Gained mutation: You occasionally shout uncontrollably at your foes. [a neqoxec]
 54885 | Abyss:4  | Paralysed by accursed screaming for 1 turns
 54921 | Abyss:4  | Received a gift from Trog
 54931 | Abyss:4  | Got an abyssal rune of Zot
 55276 | Abyss:4  | Paralysed by accursed screaming for 2 turns
 55500 | Abyss:4  | Received a gift from Trog
 56070 | Zot:1    | Escaped the Abyss
 56306 | Zot:1    | Reached XP level 27. HP: 137/212 MP: 26/29
 56319 | Zot:1    | HP: 3/212 [tentacled monstrosity (12)]
 56319 | Zot:1    | Slain by a tentacled monstrosity

Vault maps used:
D:1:      lemuel_arrival_muddy, xom_teletrap_fun
D:2:      first_ration
D:3:      gup_sewer_entry_spiral, evilmike_ruin_ashenzari
D:4:      uniq_grinder, uniq_menkaure
D:5:      regret_index_temple_of_mockery, minmay_temple_entry_statues_pillars,
          minmay_ogre_servants
D:7:      old_standard_altar, hangedman_decor_slide_cut,
          uniq_crazy_yiuf_cottage, uniq_pikel
D:8:      kennysheep_ying_yang, chequers_temple_overflow_minitemple
D:9:      cheibrodos_barr_body, serial_shops, shop, nicolae_shop_trees,
          grunt_ministairs_14
D:10:     minmay_the_grid_triangle_9x9_rhombus_thin_mashed,
          due_lair_maze_entry_diamond
D:11:     hiddenorc2_lemuel, lightli_minifort
D:12:     abandoned_shop, uniq_sonja
D:13:     serial_ice, serial_ice_g, serial_ice_i, serial_ice_m, serial_ice_o,
          the_bakery
D:14:     david_vaults_5, nicolae_tso_swordbearing_angel, serial_shops,
          nicolae_shop_temple_entry_statues_fountains, uniq_azrael
D:15:     hangedman_depths_entry_civil_slaughter, nicolae_wwwww
Lair:1:   minivault_27, serial_bayou_pond_d, columned_hall_lemuel,
          beast_lair_carwin_1, serial_bayou_shore_b, grunt_megastairs_3,
          serial_bayou_shore_b, serial_bayou_shore_b, uniq_fannar, uniq_erica
Lair:2:   serial_bayou_pond_c, minmay_stone_trees_small, serial_bayou_shore_a,
          infiniplex_staircase_pool, grunt_megastairs_1,
          minmay_lair_oklob_chamber, uniq_nergalle
Lair:4:   nicolae_swamp_entry_splash_gauntlet
Lair:5:   dpeg_slime_entry_corner
Lair:6:   evilmike_catoblepas_cave
Swamp:1:  evilmike_swamp_ruin_rubble_2, st_swamp_ruins_2, uniq_frances,
          uniq_josephine
Swamp:2:  hangedman_swamp_ruin_wall, uniq_kirke
Swamp:3:  evilmike_swamp_ruin_house_3
Swamp:4:  swamp, portal_ice_cave_entry_pillars_2, swamp_pool4,
          lemuel_altar_in_water2
Snake:1:  nicolae_snake_round_shape_thing
Snake:2:  nicolae_snake_hallway, serial_shops, bzr_entry_safe,
          grunt_megastairs_4, uniq_aizul, uniq_saint_roka, uniq_louise
Snake:3:  serial_shops, nicolae_shop_crystal, lemuel_fruit_tree
Snake:4:  snake_pit, basic_altar, serial_bayou_crossing
Slime:1:  cheibrodos_slime_lost_civilization_6
Slime:3:  uniq_dissolution
Orc:1:    serial_shops, shop, minmay_orc_barracks, uniq_harold
Orc:2:    grunt_orc_gardens, grunt_orc_garden, grunt_orc_garden,
          grunt_orc_garden, grunt_orc_garden, serial_shops,
          nicolae_shop_statue_plus, david_defended_altar_orc, uniq_donald
Vaults:1: v_rooms_6, v_misc_14, v_pattern_3, nicolae_vaults_network_square,
          vaults_dpeg_doors, ontoclasm_vaults_pinch, grunt_vaults_hallway_short,
          vaults_standard_mumra_enter_the_diamond, vaults_dpeg_cross,
          nicolae_vaults_yaktaur_gun_rack, vaults_dpeg_ring, v_misc_9,
          vaults_dpeg_encased_lava, nicolae_vaults_diagonal_hallway_6,
          vaults_room_pools, v_misc_19
Vaults:2: nicolae_vaults_mini_display_case, grunt_vaults_bifocal, v_rooms_4,
          v_misc_25, hangedman_vaults_capsules, v_misc_30,
          vaults_room_fancy_cross, nicolae_vaults_triangles,
          minmay_crypt_entry_necro_gods, vaults_room_corners,
          hangedman_vaults_corner_blocks, nicolae_vaults_rhombus_6,
          nicolae_vaults_diagonal_hallway_6, ontoclasm_vaults_loading_screen,
          serial_shops, nicolae_shop_crystal
Vaults:3: st_greater_box_3, grunt_vaults_focal, v_rooms_6, v_misc_26,
          hangedman_vaults_pinch, nicolae_vaults_circle_grid_a,
          vaults_room_semicircle, vaults_room_hallway,
          nicolae_vaults_stairing_the_circle, vaults_mumra_hex,
          nicolae_vaults_diagonal_hallway_9, nicolae_vaults_gold_heap,
          enter_trove_6
Vaults:4: serial_ice_m, v_alt_pattern_2, v_misc_13, v_alt_pattern_3, v_misc_23,
          v_misc_9, nicolae_vaults_alarming, vaults_mumra_minichess_inversion,
          vaults_room_boxed, v_misc_17, vaults_room_stairs_pillars,
          vaults_mumra_lcd, uniq_mara
Depths:1: kennysheep_boxes, abyss_entry, pf_hell_entry_tar_river,
          grunt_decor_cap, spider_trap, basic_loot_grate_trap,
          kennysheep_minor_cross, kennysheep_diamond, minislime_mu
Depths:2: lemuel_traditional_vault, rand_demon_pan_entry_7, hell_entry,
          spider_trap, minmay_misc_feat_secret_circle
Depths:3: hangedman_screamer, infiniplex_staircase_river, serial_shops,
          bzr_firewalk, pf_vacation_house_of_asmodeus, pan_entry,
          kennysheep_generic_room_12, uniq_jory
Depths:4: gold_lair_mu, enter_ziggurat_f,
          nicolae_abyss_entry_one_way_or_another, hell_entry,
          serial_bayou_shore_b
Depths:5: evilmike_zot_entry_gauntlet, serial_shops, bzr_entry_gold,
          minmay_hedge_maze, pf_coc_iceberg, basic_stair_grate_trap,
          minmay_shop_star, uniq_boris
Abyss:1:  evilmike_abyss_exit_5
Abyss:4:  evilmike_abyss_exit_12, evilmike_abyss_rune_tso_outpost,
          evilmike_abyss_exit_glass
Bazaar:   bazaar_minmay_generic_island, bazaar_jpeg_cross
Sewer:    sewer_co_purgy_island

Skill      XL: |  1  2  3  4  5  6  7  8  9 10 11 12 13 14 15 16 17 18 19 20 21 22 23 24 25 26 |
---------------+-------------------------------------------------------------------------------+-----
Long Blades    | 4 5 6 7 9 10 11 13 14 15 16 17 18 19 | 19.0
Armour         | 3 4 5 6 7 8 9 10 11 12 15 17 19 21 | 21.0
Dodging        | 3 4 6 7 8 9 10 11 12 13 15 | 15.0
Fighting       | 4 5 6 7 8 9 10 11 12 13 14 15 16 18 20 21 22 23 | 23.5
Crossbows      | 2 4 6 7 9 10 12 | 12.0
Shields        | 9 13 14 15 | 15.0
Evocations     | 8 |  8.9

Action                   |  1- 3 |  4- 6 |  7- 9 | 10-12 | 13-15 | 16-18 | 19-21 | 22-24 | 25-27 || total
-------------------------+-------+-------+-------+-------+-------+-------+-------+-------+-------++-------
Melee: Falchion          |    95 |   131 |   316 |   200 |       |       |       |       |       ||   742
       Kick              |       |    18 |   113 |    58 |       |       |       |       |       ||   189
       Scimitar          |       |       |       |   170 |   869 |  1354 |   116 |    38 |    45 ||  2592
       Triple sword      |       |       |       |    50 |    31 |       |       |       |       ||    81
       Double sword      |       |       |       |       |       |       |  1209 |  1981 |  1740 ||  4930
 Fire: Hand crossbow     |       |       |       |       |       |   224 |   412 |    66 |    87 ||   789
Throw: Throwing net      |       |       |       |       |       |       |     1 |       |       ||     1
Invok: Berserk           |     1 |     4 |     8 |    14 |     7 |    11 |     9 |     8 |     2 ||    64
       Trog's Hand       |       |     2 |       |     5 |     9 |    25 |    27 |    21 |    37 ||   126
       Brothers in Arms  |       |       |       |       |     1 |     3 |     1 |     2 |     3 ||    10
Evoke: Wand              |       |       |       |       |     2 |     4 |     1 |     2 |     4 ||    13
       Phantom mirror    |       |       |       |       |       |       |       |       |     1 ||     1
  Use: Potion            |       |     5 |     1 |     2 |     1 |     3 |     6 |     4 |    27 ||    49
       Scroll            |       |       |    14 |     9 |    10 |    21 |    10 |    17 |    26 ||   107
 Stab: Distracted        |       |       |     1 |       |     2 |       |     1 |       |     2 ||     6
       Sleeping          |       |       |       |     4 |     3 |       |     1 |       |       ||     8
       Paralysed         |       |       |       |       |     2 |       |       |       |       ||     2
       Confused          |       |       |       |       |       |       |     3 |       |       ||     3
  Eat: Ration            |     1 |     1 |     1 |     2 |     4 |    10 |     7 |     8 |     9 ||    43
       Chunk             |       |     6 |    14 |    26 |    25 |    19 |    29 |    22 |    14 ||   155
Armor: Animal skin       |     4 |       |       |       |       |       |       |       |       ||     4
       Chain mail        |     2 |     6 |       |       |       |   315 |   463 |   398 |   683 ||  1867
       Scale mail        |       |    44 |    30 |       |       |       |       |       |       ||    74
       Troll leather arm |       |       |    58 |   173 |   226 |    30 |       |       |       ||   487
Dodge: Dodged            |    52 |    75 |   243 |   498 |   631 |   693 |   787 |   769 |  1144 ||  4892
Block: Buckler           |       |       |       |    62 |    82 |       |       |       |       ||   144
       Shield            |       |       |       |       |   152 |  1305 |  1313 |  1501 |  1915 ||  6186
       Reflection        |       |       |       |       |       |   157 |    60 |    68 |    36 ||   321
       Rpst.: Falchion   |    21 |    27 |    77 |    55 |       |       |       |       |       ||   180
       Scimitar          |       |       |       |    51 |   154 |   114 |    12 |     2 |    20 ||   353
       Triple sword      |       |       |       |    30 |     7 |       |       |       |       ||    37
       Double sword      |       |       |       |       |       |       |    98 |   148 |   202 ||   448

Table legend:
 A = Spawn XP
 B = Non-spawn XP
 C = Spawn XP percentage of total XP
 D = Spawn monster count
 E = Non-spawn monster count
 F = Spawn count percentage of total count
 G = Total turns spent on level
                    A         B        C        D         E        F      G
               +---------+---------+-------+---------+---------+-------+---------
         Total |   74935 |  986630 |   7.1 |     137 |    1912 |   6.7 | 56319
               +---------+---------+-------+---------+---------+-------+---------
           D:1 |       0 |      22 |   0.0 |       0 |      14 |   0.0 |  1078
           D:2 |       0 |      41 |   0.0 |       0 |      18 |   0.0 |   923
           D:3 |       0 |      88 |   0.0 |       0 |      21 |   0.0 |   805
           D:4 |       0 |     722 |   0.0 |       0 |      17 |   0.0 |   993
           D:5 |       0 |     854 |   0.0 |       0 |      31 |   0.0 |   962
           D:6 |       0 |     929 |   0.0 |       0 |      18 |   0.0 |   797
           D:7 |       0 |    1533 |   0.0 |       0 |      17 |   0.0 |   999
           D:8 |       0 |     421 |   0.0 |       0 |      12 |   0.0 |  1043
           D:9 |       0 |    2767 |   0.0 |       0 |      21 |   0.0 |  1089
          D:10 |       0 |    8840 |   0.0 |       0 |      51 |   0.0 |  1029
          D:11 |       0 |    3220 |   0.0 |       0 |      58 |   0.0 |   935
          D:12 |       0 |    3883 |   0.0 |       0 |      15 |   0.0 |   881
          D:13 |       0 |    6026 |   0.0 |       0 |      21 |   0.0 |   780
          D:14 |       0 |    7941 |   0.0 |       0 |      22 |   0.0 |  1266
          D:15 |       0 |   13045 |   0.0 |       0 |      33 |   0.0 |   859
        Lair:1 |       0 |    5731 |   0.0 |       0 |      19 |   0.0 |  1076
        Lair:2 |       0 |    5245 |   0.0 |       0 |      27 |   0.0 |  1082
        Lair:3 |       0 |    5305 |   0.0 |       0 |      18 |   0.0 |   882
        Lair:4 |       0 |   12870 |   0.0 |       0 |      39 |   0.0 |  1342
        Lair:5 |       0 |    9552 |   0.0 |       0 |      25 |   0.0 |  1484
        Lair:6 |       0 |   27317 |   0.0 |       0 |      65 |   0.0 |  1567
       Swamp:1 |       0 |   14849 |   0.0 |       0 |      36 |   0.0 |  1005
       Swamp:2 |       0 |    6293 |   0.0 |       0 |      17 |   0.0 |   743
       Swamp:3 |       0 |   17828 |   0.0 |       0 |      37 |   0.0 |   920
       Swamp:4 |       0 |   31187 |   0.0 |       0 |      54 |   0.0 |  1487
       Snake:1 |       0 |   10829 |   0.0 |       0 |      29 |   0.0 |  1154
       Snake:2 |       0 |   29422 |   0.0 |       0 |      60 |   0.0 |  1438
       Snake:3 |       0 |   30505 |   0.0 |       0 |      58 |   0.0 |  1701
       Snake:4 |       0 |   41772 |   0.0 |       0 |      70 |   0.0 |  1568
       Slime:1 |       0 |   19755 |   0.0 |       0 |      28 |   0.0 |   452
       Slime:2 |       0 |   16093 |   0.0 |       0 |       8 |   0.0 |   137
       Slime:3 |       0 |    5202 |   0.0 |       0 |      18 |   0.0 |   152
       Slime:4 |       0 |    3648 |   0.0 |       0 |       5 |   0.0 |    44
       Slime:5 |       0 |   38369 |   0.0 |       0 |      37 |   0.0 |  1073
         Orc:1 |       0 |    4794 |   0.0 |       0 |      52 |   0.0 |   770
         Orc:2 |       0 |   15836 |   0.0 |       0 |      73 |   0.0 |  1043
      Vaults:1 |       0 |   43887 |   0.0 |       0 |      77 |   0.0 |  1754
      Vaults:2 |       0 |   45993 |   0.0 |       0 |      74 |   0.0 |  1685
      Vaults:3 |       0 |   97226 |   0.0 |       0 |      99 |   0.0 |  3695
      Vaults:4 |       0 |   29324 |   0.0 |       0 |      48 |   0.0 |  1265
      Depths:1 |       0 |   38407 |   0.0 |       0 |      64 |   0.0 |  1610
      Depths:2 |       0 |   95677 |   0.0 |       0 |      89 |   0.0 |  2296
      Depths:3 |       0 |   60412 |   0.0 |       0 |      75 |   0.0 |  1324
      Depths:4 |       0 |   59347 |   0.0 |       0 |      61 |   0.0 |  1725
      Depths:5 |       0 |   71033 |   0.0 |       0 |      60 |   0.0 |  1698
         Zot:1 |       0 |   11949 |   0.0 |       0 |       5 |   0.0 |   318
       Abyss:1 |    6669 |   10869 |  38.0 |      16 |      44 |  26.7 |   581
       Abyss:4 |   68266 |   19624 |  77.7 |     121 |      65 |  65.1 |  2282
         Sewer |       0 |     148 |   0.0 |       0 |       7 |   0.0 |   301
               +---------+---------+-------+---------+---------+-------+---------
